[Event "Late-Titled-Tuesday-Blitz-February-13-2024"]
[Site "Chess.com"]
[Date "2024.02.13"]
[Round "9"]
[White "a_kandil"]
[Black "RandomNoob04"]
[Result "0-1"]
[WhiteElo "2494"]
[BlackElo "2616"]
[TimeControl "180+1"]
[EndTime "15:45:54 PST"]
[Termination "RandomNoob04 won by resignation"]

1. e4 e5 2. Nf3 Nf6 3. d4 Nxe4 4. Bd3 d5 5. Nxe5 Nd7 6. O-O Nxe5 7. dxe5 Nc5 8. Be2 Be7 9. c4 Be6 10. cxd5 Qxd5 11.
Nc3 Qxd1 12. Rxd1 O-O 13. Be3 Rfd8 14. Nb5 Rdc8 15. Rac1 a6 16. Bxc5 Bxc5 17. Rxc5 axb5 18. a3 c6 19. f4 Rd8 20. Rf1 Rd2 21. Bf3 Rxb2 22.
Rd1 g5 23. fxg5 Rxa3 24. h4 Ra4 25. h5 Bg4 26. h6 Kf8 27. Rc3 Ke7 28. e6 Bxe6 29.
Re3 Rbb4 30. g6 hxg6 31. Rde1 Rh4 32. Re4 Raxe4 33. Rxe4 Rxh6 34. Kf2 Rh8 35. Re1 Ra8 36. Ke3 Ra4 37. Rc1 Kd6 38. Rd1+ Bd5 39. Bxd5 cxd5 40.
Rf1 f5 41. Rh1 d4+ 42. Kd3 Kd5 43. Rh8 Ra3+ 44. Ke2 Ra2+ 45. Kd3 Rxg2 46. Rd8+ Kc5 47. Rc8+ Kb6 48. Kxd4 g5 49. Ke3 f4+ 50. Kf3 Rg3+ 51. Kf2 Rd3 52. Rg8 Rd5 53. Kf3 Kc5 54. Ke4 Kc4 55. Rb8 b4 56. Rxb7 Rb5 57. Rc7+ Kb3 58. Kd3 g4 59. Ke4 f3 60. Ke3 Rf5 61. Kf2 g3+ 62.
Kxg3 f2 63. Rc1 f1=Q 64. Rxf1 Rxf1 65. Kg2 Rf8 0-1

[Event "Late-Titled-Tuesday-Blitz-February-13-2024"]
[Site "Chess.com"]
[Date "2024.02.13"]
[Round "9"]
[White "Savagelittlemole"]
[Black "ozates"]
[Result "0-1"]
[WhiteElo "2453"]
[BlackElo "2580"]
[TimeControl "180+1"]
[EndTime "15:45:57 PST"]
[Termination "ozates won on time"]

1. e4 c5 2. Ne2 Nc6 3. g3 g6 4. Bg2 Bg7 5. O-O e5 6. Nbc3 Nge7 7. Nd5 O-O 8. Nec3 d6 9. d3 h6 10. f4 Nxd5 11. Nxd5 Ne7 12. Nxe7+ Qxe7 13. f5 g5 14. f6 Bxf6 15. Qh5 Bg7 16. h4 f6 17. Be3 Be6 18. Rf2 Bf7 19. Qe2 Bg6 20. Raf1 b5 21. Bh3 a5 22. Bf5 Bxf5 23. Rxf5 Qe8 24. Qg4 Qg6 25.
Kg2 h5 26. Qe2 g4 27. c3 Rac8 28. R1f2 Rfd8 29. d4 cxd4 30. cxd4 b4 31. dxe5 dxe5 32.
Bb6 Rd6 33. Bxa5 Rd4 34. b3 Qe8 35. Bb6 Rd6 36. Be3 Qc6 37. Bd2 Rd4 38. Kh2 Rxe4 39.
Qf1 Rd4 40. Rxh5 Qd5 41. Bh6 Rd1 42. Qg2 Qxg2+ 43. Kxg2 Rcc1 44. Re2 Rg1+ 45. Kf2 Rcf1+ 46. Ke3 Rxg3+ 47. Ke4 f5+ 48. Kd5 Bf6 49. Bg5 Kf7 50. Rh7+ Kg8 51. Rb7 Rd3+ 52. Ke6 Bg7 53. Rc2 Rfd1 54.
Rcc7 Rd6+ 55. Kxf5 Rf1+ 56. Kxg4 Bf8 57. Kh5 e4 58.
Rc8 Re6 59. Rc4 e3 60. Rg4 Rf7 61. Bf6+ Bg7 62. Rxg7+ Rxg7 63. Rxg7+ Kf8 64. Rg3 e2 65. Rf3 Ke8 0-1

[Event "Late-Titled-Tuesday-Blitz-February-13-2024"]
[Site "Chess.com"]
[Date "2024.02.13"]
[Round "9"]
[White "DenLaz"]
[Black "Binary010"]
[Result "1/2-1/2"]
[WhiteElo "3055"]
[BlackElo "2889"]
[TimeControl "180+1"]
[EndTime "15:45:59 PST"]
[Termination "Game drawn by repetition"]

1. d4 Nf6 2. c4 e6 3. Nf3 d5 4. g3 dxc4 5. Bg2 c6 6. O-O b5 7. b3 cxb3 8. axb3 Bd6 9. Qc2 O-O 10. Rd1 Bb7 11. e4 Be7 12. Nc3 Nbd7 13. e5 Nd5 14. Ne4 h6 15. g4 c5 16. g5 cxd4 17. gxh6 Rc8 18. Qe2 g6 19. Rxd4 Qb6 20. Bb2 Nf4 21.
Qe3 Nxg2 22. Kxg2 Nc5 23. h7+ Kh8 24. Nd6 Rcd8 25. Nxb7 Qxb7 26. Rxd8 Rxd8 27. Bd4 Qd5 28. Rxa7 Nd7 29. Qf4 Rf8 30. h4 b4 31. Kg3 Bd8 32.
Qh6 Be7 33. Qf4 Bd8 34. Be3 Be7 35. Qd4 Qxd4 36. Bxd4 Rd8 37. Bb6 Nxb6 38. Rxe7 Rd7 39. Re8+ Kxh7 40. Ng5+ Kg7 41. Ne4 Nd5 42. Rb8 Rc7 43. Nd6 Rc3+ 44. Kg4 Rxb3 45. Kg5 Rb1 46. Ne8+ Kh7 47. Nf6+ Nxf6 48. Kxf6 Rf1 49. Kxf7 Rxf2+ 50. Kxe6 Rb2 51. Kd6 b3 52. e6 Rd2+ 53. Ke5 Re2+ 54.
Kf6 Rf2+ 55. Ke7 b2 56. Ke8 Re2 57. e7 Kh6 58. Rb6 Kh5 59. Kf7 Rf2+ 60. Kg7 Re2 61. Kf8 Rf2+ 62. Ke8 Re2 63. Rb4 Kh6 64. Rb3 Kh5 65.
Rb4 Kh6 66. Rb5 Kg7 67. Rb6 Kh7 68. Kd7 Rd2+ 69. Ke8 Re2 70. Rb7 Kh6 71. Rb5 Kg7 72.
Rb4 Kh6 1/2-1/2

[Event "Late-Titled-Tuesday-Blitz-February-13-2024"]
[Site "Chess.com"]
[Date "2024.02.13"]
[Round "9"]
[White "Kosak12"]
[Black "Goryachkina"]
[Result "0-1"]
[WhiteElo "2820"]
[BlackElo "2713"]
[TimeControl "180+1"]
[EndTime "15:46:02 PST"]
[Termination "Goryachkina won by resignation"]

1. Nf3 c5 2. e4 e6 3. d4 cxd4 4. Nxd4 Nc6 5. Nc3 Bc5 6. Be3 Qb6 7. Na4 Qa5+ 8. c3 Bxd4 9. Bxd4 Nxd4 10. Qxd4 e5 11. Qc4 Nf6 12. Nc5 O-O 13. Nb3 Qb6 14. Be2 d6 15. O-O Be6 16. Qd3 Bxb3 17. axb3 Qxb3 18.
Qxd6 Qxb2 19. Bf3 Qxc3 20. Rfc1 Qd4 21. Qxd4 exd4 22. e5 Nd7 23. Bxb7 Rab8 24. Rxa7 Nxe5 25. Rd1 Rfd8 26. Be4 Rb4 27. g3 g6 28. Re7 Nc4 29. Ra1 d3 30. Raa7 d2 31. Bf3 d1=Q+ 32. Bxd1 Rxd1+ 33. Kg2 Nd6 34. Rad7 Rbd4 35. Re5 Nf5 36. Rc7 Rd7 37. Rc8+ Kg7 38. Rc3 R1d2 39. h4 Ra2 40. Rf3 Rc7 41. h5 Nd4 42. Rf4 Ne6 43. Rf3 Rac2 44.
hxg6 hxg6 45. Rd5 R2c5 46. Rdd3 Rf5 47. Rfe3 Kf6 48. Ra3 Rc2 49. Rf3 Rxf3 50. Rxf3+ Ke7 51. Ra3 Rc7 52. Kf3 Rd7 53. Kg2 f5 54. Ra6 Rd6 55.
Ra7+ Kf6 56. Ra4 Ng5 57. g4 Ne4 58. gxf5 gxf5 59. Kf3 Rd2 60. Ke3 Rd6 61. Kf3 Nd2+ 62.
Kg2 Kg5 63. Kg3 Ne4+ 64. Kf3 Rd3+ 65. Ke2 Nc3+ 66. Kxd3 Nxa4 67. Ke3 Nc5 68. Kf3 Ne4 69. Kg2 Kf4 70. f3 Nd2 71. Kh1 Kxf3 72. Kg1 Ke2 73. Kh1 f4 0-1

[Event "Late-Titled-Tuesday-Blitz-February-13-2024"]
[Site "Chess.com"]
[Date "2024.02.13"]
[Round "9"]
[White "Witik"]
[Black "snowlord"]
[Result "0-1"]
[WhiteElo "2666"]
[BlackElo "2843"]
[TimeControl "180+1"]
[EndTime "15:46:05 PST"]
[Termination "snowlord won by resignation"]

1. d4 Nf6 2. c4 e6 3. Nf3 Bb4+ 4. Bd2 Be7 5. g3 c5 6. dxc5 Bxc5 7. Bg2 O-O 8. O-O h6 9. Nc3 d5 10. cxd5 exd5 11.
Rc1 Nc6 12. Bf4 Bb6 13. Na4 Re8 14. Nxb6 axb6 15. a3 d4 16. Re1 Bf5 17. Rxc6 bxc6 18.
Nxd4 Be4 19. f3 Bg6 20. e4 Qd7 21. Be3 c5 22. Ne2 Qb5 23. Qc2 Nd5 24. Bf2 Rad8 25. h4 Bh7 26. Bf1 Ne7 27. Nc3 Qa5 28. Bb5 Rf8 29.
a4 Qa8 30. Bc4 Nc6 31. Nd5 Qb7 32. Qc3 Kh8 33. h5 Rfe8 34. g4 Ne5 35. Ba2 f6 36. Bg3 Bg8 37. Bf4 Bxd5 38. Bxd5 Rxd5 39. exd5 Nxf3+ 40. Qxf3 Rxe1+ 41. Kf2 Re8 42. d6 Qd7 43. Kg3 Qxa4 44.
Qd5 Qd7 45. Kf3 Rd8 46. Qf5 Qc6+ 47. Qe4 Qd7 48. Qf5 Kg8 49. Qd5+ Qf7 50. Qf5 Qc4 51.
Qe4 Qb3+ 52. Kg2 Qxb2+ 53. Kg3 Qb3+ 54. Kh4 Qf7 55. Qc6 Qd7 56. Qxb6 c4 57. Qc5 Rc8 58.
Qd5+ Qf7 59. d7 Rd8 60. Qd4 Rxd7 61. Qb6 Re7 62. Qc6 Re8 63. Kg3 Qe6 64. Qc7 Rf8 65.
Kh4 f5 66. g5 hxg5+ 67. Bxg5 f4 68. Bxf4 Qe4 69. Kg5 Qxf4+ 70. Qxf4 Rxf4 71. Kxf4 Kh7 72. Ke4 Kh6 73. Kd4 Kxh5 74. Kxc4 Kg4 75. Kd3 Kf3 0-1

[Event "Late-Titled-Tuesday-Blitz-February-13-2024"]
[Site "Chess.com"]
[Date "2024.02.13"]
[Round "9"]
[White "Doomfist26"]
[Black "OK97"]
[Result "1/2-1/2"]
[WhiteElo "2654"]
[BlackElo "2830"]
[TimeControl "180+1"]
[EndTime "15:46:09 PST"]
[Termination "Game drawn - insufficient material"]

1. e4 Nc6 2. Nf3 d6 3. d4 Nf6 4. d5 Nb8 5. Nc3 g6 6. Bd3 Bg7 7. O-O O-O 8. Re1 e6 9. h3 Re8 10. Bf4 exd5 11. exd5 Nbd7 12. Qd2 Nc5 13. Bb5 Bd7 14.
Bxd7 Qxd7 15. Bh6 Rxe1+ 16. Rxe1 Re8 17. Rxe8+ Qxe8 18. Bxg7 Kxg7 19. Qd4 a5 20. g4 h6 21. h4 g5 22. hxg5 hxg5 23. Nxg5 Qe1+ 24. Kg2 Kg6 25. Nf3 Qe7 26. Qf4 Nfe4 27. Qf5+ Kg7 28. Nxe4 Qxe4 29. Qxe4 Nxe4 30. Nd4 Nf6 31. Nb5 Nxd5 32. c4 Nf4+ 33. Kf3 Ne6 34. Ke4 Kf6 35. f4 Ke7 36. f5 Nc5+ 37.
Ke3 c6 38. Nc3 Kf6 39. b3 Ke5 40. Ne2 Ne4 41. Nd4 Nc5 42. Nf3+ Kf6 43. Ne1 Nd7 44. Kf4 Ne5 45. g5+ Ke7 46. Ke4 Nd7 47. Ng2 Nc5+ 48. Kd4 Nd7 49. Ne3 Ne5 50. Ke4 Nd7 51. Ng4 Nc5+ 52.
Kd4 Nd7 53. Nf2 Ne5 54. Ke4 Nd7 55. Nd3 Ke8 56. a3 Ke7 57. b4 axb4 58. axb4 Nb6 59.
Kd4 Nd7 60. c5 d5 61. Ne5 Nxe5 62. Kxe5 f6+ 63. gxf6+ Kf7 64. b5 cxb5 65. Kxd5 Kxf6 66. Kd4 Kxf5 67. Kc3 Ke5 68. Kb4 Kd5 69. Kxb5 Kd4 70. Kb6 Kd5 71. Kb5 Kd4 72. c6 bxc6+ 73. Kxc6 1/2-1/2

[Event "Late-Titled-Tuesday-Blitz-February-13-2024"]
[Site "Chess.com"]
[Date "2024.02.13"]
[Round "9"]
[White "MoreChessJulia"]
[Black "PushingpawnsNYC"]
[Result "0-1"]
[WhiteElo "2046"]
[BlackElo "2352"]
[TimeControl "180+1"]
[EndTime "15:46:11 PST"]
[Termination "PushingpawnsNYC won by checkmate"]

1. d4 d5 2. c4 e6 3. Nc3 Nf6 4. cxd5 exd5 5. Bg5 Be7 6. e3 O-O 7. Bd3 c6 8. Nge2 Ne4 9. Bxe7 Qxe7 10. O-O f5 11. Ng3 Nd7 12. Re1 Ndf6 13. Qb3 Be6 14. f3 Nxg3 15. hxg3 Qc7 16. Kf2 Ne4+ 17. Nxe4 fxe4 18.
Bxe4 Rae8 19. Bc2 Re7 20. Rh1 g6 21. Qd3 Bf5 22. Qd2 Bxc2 23. Qxc2 Rfe8 24. Rhe1 b6 25. b4 Qd6 26. a3 Rc8 27. Rac1 Rec7 28. Qd2 c5 29. dxc5 bxc5 30. Rxc5 Rxc5 31. bxc5 Rxc5 32.
Rc1 Rb5 33. Rc8+ Kg7 34. Qc3+ Kh6 35. Rc7 Rb2+ 36. Qxb2 Qxc7 37. Qd2 Qd6 38. Qd3 a5 39. g4 Qc5 40. f4 a4 41. g5+ Kg7 42. Qd4+ Qxd4 43. exd4 Kf7 44. Ke3 Ke6 45. Kd3 Kf5 46.
g3 Kg4 47. Kc3 Kxg3 48. Kb4 Kxf4 49. Kxa4 Ke4 50. Kb4 Kxd4 51. a4 Ke3 52. a5 d4 53.
a6 d3 54. a7 d2 55. a8=Q d1=Q 56. Qa7+ Qd4+ 57. Qxd4+ Kxd4 58. Kb5 Ke5 59. Kc5 Kf5 60. Kd5 Kxg5 61. Ke4 Kg4 62. Ke3 Kg3 63. Ke2 Kg2 64.
Ke3 h5 65. Kf4 h4 66. Kg4 h3 67. Kg5 h2 68. Kxg6 h1=Q 69. Kf5 Qe1 70. Kf4 Qe2 71. Kf5 Qd3+ 72. Kf4 Kf2 73. Ke5 Qc4 74. Kf6 Ke3 75. Ke5 Qc5+ 76. Ke6 Ke4 77. Kf6 Qd5 78. Ke7 Qc6 79.
Kd8 Qb7 80. Ke8 Kf5 81. Kf8 Kg6 82. Ke8 Kf6 83. Kd8 Ke6 84. Ke8 Qe7# 0-1

[Event "Late-Titled-Tuesday-Blitz-February-13-2024"]
[Site "Chess.com"]
[Date "2024.02.13"]
[Round "9"]
[White "KetiTsatsalashvili"]
[Black "gunslinger222"]
[Result "1/2-1/2"]
[WhiteElo "2450"]
[BlackElo "2278"]
[TimeControl "180+1"]
[EndTime "15:46:12 PST"]
[Termination "Game drawn by repetition"]

1. d4 d5 2. Nf3 Nf6 3. e3 c5 4. b3 Nc6 5. Bd3 Bg4 6. Nbd2 cxd4 7. exd4 Nxd4 8. h3 Nxf3+ 9. Nxf3 Bxf3 10. Qxf3 e6 11. Bb2 Bb4+ 12. c3 Be7 13. Bb5+ Nd7 14. c4 a6 15. Bxd7+ Qxd7 16. cxd5 Qxd5 17. Qxd5 exd5 18. Rd1 O-O-O 19. Bxg7 Rhg8 20. Be5 Rxg2 21. Bg3 d4 22. Kf1 Rxg3 23. fxg3 d3 24. Rh2 Bb4 25. a3 Bc3 26. Rf2 d2 27. Ke2 f6 28. Rf3 Re8+ 29. Kd3 Be5 30. Rxd2 Rg8 31. g4 Kd7 32. Ke4+ Ke6 33. a4 Rc8 34. Rf5 Rc3 35. g5 Rxh3 36. Rdf2 Rh4+ 37. Kd3 Rh3+ 38. Kc2 Rc3+ 39. Kd1 fxg5 40.
Rxg5 Rxb3 41. Re2 Rb1+ 42. Kc2 Rb2+ 43. Kd3 Rxe2 44. Kxe2 b5 45. a5 Bc3 46. Rh5 Bxa5 47.
Rxh7 Kd5 48. Rh6 Bc3 49. Rxa6 b4 50. Kd3 Kc5 51. Kc2 Kc4 52. Rc6+ Kb5 53. Rc8 Kb6 54. Kb3 Kb5 55. Rg8 Bd2 56. Rg6 Bc3 57. Rg4 Bd2 58. Rc4 Bc3 59. Re4 Bd2 60. Re2 Bc3 61. Rg2 Be1 62.
Re2 Bc3 63. Re4 Kc5 64. Rg4 Kd5 65. Rg5+ Kd4 66. Rg4+ Kd3 67. Rg3+ Kd4 68. Rg2 Kc5 69. Rg8 Kd4 70. Rc8 Kd5 71. Rc4 Ke5 72. Rc8 Kd5 73.
Rd8+ Kc5 74. Rc8+ Kd4 75. Rg8 Kd5 76. Rg4 Kc5 77. Rg5+ Kd4 78. Rg4+ Kc5 79. Rh4 Kb5 80. Rh5+ Kc6 81. Rh1 Kc5 82. Rd1 Kb5 83. Rf1 Kc5 84.
Rf5+ Kd4 85. Rf4+ Kd5 86. Rg4 Kc5 1/2-1/2

[Event "Late-Titled-Tuesday-Blitz-February-13-2024"]
[Site "Chess.com"]
[Date "2024.02.13"]
[Round "9"]
[White "nihalsarin"]
[Black "h4parah5"]
[Result "1/2-1/2"]
[WhiteElo "3188"]
[BlackElo "2981"]
[TimeControl "180+1"]
[EndTime "15:46:15 PST"]
[Termination "Game drawn by repetition"]

1. e4 e5 2. Nf3 Nc6 3. Bb5 a6 4. Ba4 Bc5 5. d3 Nge7 6. c3 Ba7 7.
Nbd2 d6 8. Nf1 O-O 9. Ng3 h6 10. Nh4 f5 11. Bb3+ Kh7 12. exf5 Nxf5 13. Nhxf5 Bxf5 14. Nxf5 Rxf5 15. O-O Qh4 16. d4 Kh8 17. g3 Qh3 18. Be6 exd4 19. Bxf5 Qxf5 20. Kg2 d3 21. Be3 Bxe3 22. fxe3 Qg6 23. Qf3 Re8 24. Rad1 Ne5 25. Qf4 Qe6 26. b3 Ng4 27. e4 Ne5 28. Qf5 Qe7 29. h4 b5 30. Rf4 c5 31. Qh5 Rf8 32. Rdf1 Rxf4 33. gxf4 Nd7 34. Qd5 Qxh4 35. Qxd3 Qg4+ 36.
Kh2 Nf6 37. Qf3 Qxf3 38. Rxf3 Nxe4 39. Re3 Nf6 40. Re6 Nd5 41. c4 bxc4 42. bxc4 Nb4 43. Rxd6 Nxa2 44. Rxa6 Nc3 45. Kg2 Ne4 46. Ra4 g5 47. Kf3 Nd6 48. fxg5 hxg5 49. Kg4 Kg7 50. Kxg5 Kf7 51. Kf4 Ke6 52. Ke3 Kd7 53. Kd3 Kc7 54. Ra6 Kd7 55. Ra1 Kc7 56. Rh1 Kc6 57. Rh6 Kc7 58. Rh4 Kd7 59. Rh5 Kc6 60. Kc3 Nb7 61.
Rg5 Nd6 62. Rg6 Kc7 63. Kd3 Kd7 64. Rg1 Kc7 65. Rc1 Kd7 66. Ke3 Ke6 67. Kd3 Kd7 68. Ra1 Kc7 69. Ra4 Kc6 70. Ke3 Kd7 71. Kf4 Ke6 72. Ra6 Kd7 73. Ra4 Ke6 1/2-1/2

[Event "Late-Titled-Tuesday-Blitz-February-13-2024"]
[Site "Chess.com"]
[Date "2024.02.13"]
[Round "9"]
[White "GoltsevDmitry2000"]
[Black "manitodeplomo"]
[Result "1-0"]
[WhiteElo "2789"]
[BlackElo "2643"]
[TimeControl "180+1"]
[EndTime "15:46:16 PST"]
[Termination "GoltsevDmitry2000 won by resignation"]

1. e4 c5 2. Nf3 e6 3. d4 cxd4 4.
Nxd4 a6 5. Nc3 b5 6. Be2 Bb7 7. a3 Qc7 8. O-O Nf6 9. Bf3 d6 10. Qe2 Nbd7 11. Bg5 Be7 12. Rfd1 Ne5 13. Rac1 O-O 14.
g3 Nxf3+ 15. Nxf3 Rac8 16. Nd4 h6 17. Bd2 Qc4 18. Qd3 d5 19. e5 Ne4 20. Nxe4 dxe4 21. Qxc4 Rxc4 22. c3 Bd5 23. Be3 Rb8 24. Nc2 a5 25.
Bd4 Bg5 26. Ne3 Bxe3 27. Bxe3 b4 28. axb4 axb4 29. cxb4 Rcxb4 30. Bd4 g5 31. Bc3 Rb3 32. Rd4 Kh7 33. Kf1 Kg6 34. Ke2 h5 35. Ra1 Kf5 36. Rda4 Rxb2+ 37. Bxb2 Rxb2+ 38. Kf1 Kxe5 39. R4a3 f5 40.
Re1 f4 41. Kg2 e3+ 42. Kg1 Bc4 43. gxf4+ gxf4 44. Ra4 Bd3 45. fxe3 f3 46. Rf4 Rg2+ 47. Kh1 Be4 48. Rg1 Re2 49. Rg5+ Kd6 50. Rxe4 Re1+ 51. Rg1 f2 52. Rf1 Rxf1+ 53. Kg2 Ra1 54. Kxf2 e5 55.
Rh4 Kd5 56. Rxh5 Ra2+ 57. Kf3 Ra1 58. Rh8 Rf1+ 59. Ke2 Rf7 60. h4 Ke4 61. Ra8 Rg7 62. Ra4+ Kf5 63. Kf3 Re7 64. e4+ Ke6 65. Ra6+ Kf7 66.
Kg4 Kg7 67. Kf5 Kh7 68. Re6 Rg7 69. Kxe5 Rg1 70. Rf6 Rh1 71. Rf4 Kg6 72. Ke6 Rg1 73.
e5 Kh5 74. Kf7 Rg4 75. Rxg4 Kxg4 76. e6 Kxh4 77. e7 Kg5 78. e8=Q 1-0

[Event "Late-Titled-Tuesday-Blitz-February-13-2024"]
[Site "Chess.com"]
[Date "2024.02.13"]
[Round "9"]
[White "Flawless_Fighter"]
[Black "SHIVACalypso"]
[Result "1/2-1/2"]
[WhiteElo "2741"]
[BlackElo "2523"]
[TimeControl "180+1"]
[EndTime "15:46:17 PST"]
[Termination "Game drawn by stalemate"]

1. e4 e5 2. Nf3 Nc6 3. Nc3 Nf6 4.
Bb5 Bc5 5. O-O O-O 6. Nxe5 Nxe5 7. d4 Bd6 8. f4 Nc6 9. e5 Be7 10. exf6 Bxf6 11. d5 Nd4 12. Bd3 d6 13. f5 Be5 14.
Qh5 g6 15. Qh6 Bg7 16. Qh3 Bxf5 17. Bxf5 Nxf5 18. Bf4 Re8 19. Rae1 Qd7 20. Ne4 Qa4 21. Qf3 Qxc2 22. Bg5 Qxb2 23. g4 Qd4+ 24. Kh1 Re5 25.
gxf5 Rxf5 26. Qg2 Qxd5 27. Rxf5 Qxf5 28. Bh4 d5 29. Ng3 Qd7 30. Bg5 f6 31. Bd2 c6 32.
h4 Re8 33. h5 Rxe1+ 34. Bxe1 Qg4 35. hxg6 hxg6 36. Bf2 f5 37. Qf1 Qf3+ 38. Kg1 Be5 39.
Ne2 Qg4+ 40. Qg2 Qxe2 41. Qxg6+ Bg7 42. Qxf5 Qe4 43. Qc8+ Kh7 44. Qxb7 d4 45. Qd7 d3 46.
Qh3+ Kg8 47. Qc8+ Kh7 48. Qh3+ Bh6 49. Qd7+ Kg6 50. Qd6+ Kh5 51. Qh2+ Kg6 52. Qd6+ Kg5 53. Qd8+ Kg4 54. Qd7+ Qf5 55. Qd4+ Bf4 56. Be3 Qe5 57. Qxe5 Bxe5 58. Kf2 a5 59. Bb6 Bc3 60. Ke3 d2 61. Ke2 Kf4 62. Be3+ Ke4 63. Bxd2 Bxd2 64. Kxd2 Kd4 65. Kc2 Kc4 66. Kb2 Kb4 67. a3+ Ka4 68.
Ka2 c5 69. Kb2 c4 70. Kc3 Kxa3 71. Kxc4 a4 72. Kc3 Ka2 73. Kc2 a3 74. Kc1 Ka1 75.
Kc2 a2 76. Kc1 1/2-1/2

[Event "Late-Titled-Tuesday-Blitz-February-13-2024"]
[Site "Chess.com"]
[Date "2024.02.13"]
[Round "9"]
[White "jcibarra"]
[Black "dawid498"]
[Result "1/2-1/2"]
[WhiteElo "2903"]
[BlackElo "2699"]
[TimeControl "180+1"]
[EndTime "15:46:18 PST"]
[Termination "Game drawn by repetition"]

1. Nf3 g6 2. e4 c5 3. d4 cxd4 4. Nxd4 Nc6 5. Nc3 Bg7 6. Be3 Nf6 7. Bc4 Qa5 8. O-O O-O 9. Bb3 d6 10. Nd5 Nxd5 11. exd5 Nxd4 12. Bxd4 Bd7 13. Bxg7 Kxg7 14. Qd4+ Kg8 15. Rfe1 Rfe8 16. Re3 Qc5 17. Qh4 e5 18. dxe6 Bxe6 19. Rae1 d5 20. Qf6 a5 21. a4 b5 22. h4 bxa4 23. Bxa4 Qe7 24. Qd4 Reb8 25. Bc6 Rb4 26. Qe5 Ra6 27. Bxd5 Qxh4 28. c4 Qd8 29. Qc3 Rb8 30. Bxe6 Rxe6 31. Rxe6 fxe6 32. Rxe6 Qd1+ 33. Re1 Qb3 34. Re8+ Kf7 35. Rxb8 Qxb8 36. Qxa5 Qxb2 37. Qd5+ Kg7 38. g3 h5 39. c5 h4 40. gxh4 Qb1+ 41. Kg2 Qb4 42. Qe5+ Kh7 43. Qe7+ Kh6 44. Qg5+ Kh7 45.
Qe5 Qg4+ 46. Kf1 Qd1+ 47. Kg2 Qg4+ 48. Qg3 Qe4+ 49. Qf3 Qc4 50. c6 Kg7 51. Kg3 Qc5 52.
Qe4 Qc3+ 53. f3 Qc5 54. Kf4 Qc1+ 55. Qe3 Qxc6 56. Qe7+ Kg8 57. Kg4 Qd5 58. Qe8+ Kg7 59. Qe7+ Kg8 60. Qf6 Kh7 61. Qg5 Qe6+ 62. Kg3 Qd6+ 63.
Qf4 Qe6 64. Qc7+ Kh6 65. Qb8 Qe1+ 66. Kg4 Qg1+ 67. Qg3 Qd4+ 68. Qf4+ Qxf4+ 69. Kxf4 Kh5 70. Kg3 g5 71. hxg5 Kxg5 72. Kg2 Kf4 73. Kf2 Kf5 74.
Kg3 Kg5 75. f4+ Kf5 76. Kf3 Kf6 77. Ke4 Ke6 78. f5+ Kf6 79. Kf4 Kf7 80. Kg5 Kg7 81. Kg4 Kf6 82. Kf4 Kf7 83. Ke5 Ke7 84. f6+ Kf7 85.
Kf5 Kf8 86. Kg6 Kg8 87. Kg5 Kf7 88. Kf5 Kf8 89. Ke5 Kf7 90. Kf5 1/2-1/2

[Event "Late-Titled-Tuesday-Blitz-February-13-2024"]
[Site "Chess.com"]
[Date "2024.02.13"]
[Round "9"]
[White "Ducke13"]
[Black "Cosi43"]
[Result "1/2-1/2"]
[WhiteElo "2352"]
[BlackElo "2580"]
[TimeControl "180+1"]
[EndTime "15:46:19 PST"]
[Termination "Game drawn by repetition"]

1. d4 d5 2. Nf3 Nc6 3. g3 Bg4 4. Bg2 Qd7 5. h3 Bxf3 6. Bxf3 Nf6 7. Bg2 e5 8. dxe5 Nxe5 9. Nd2 Bc5 10. a3 h5 11. b4 Bd4 12. Rb1 h4 13. g4 O-O-O 14. Nb3 Bc3+ 15. Bd2 Bxd2+ 16. Qxd2 Nc4 17. Qd4 Kb8 18.
Nc5 Qd6 19. Nxb7 Kxb7 20. Qxc4 Rhe8 21. O-O Ne4 22. Bxe4 Rxe4 23. Qb5+ Ka8 24. Rb3 f5 25. Rc3 fxg4 26. Qc6+ Qxc6 27. Rxc6 Kb7 28. Rg6 gxh3 29. e3 Rd7 30. Kh2 d4 31. exd4 Rexd4 32. Kxh3 Rc4 33. Rfg1 Rdd4 34. Rxg7 Rc3+ 35. Kh2 Rxc2 36.
R1g2 Rc3 37. R7g4 Rdc4 38. Rxc4 Rxc4 39. Kh3 Rf4 40. Rg4 Rxf2 41. Kxh4 Kb6 42. Rg3 Kb5 43. Rc3 c6 44. Rc5+ Kb6 45. Ra5 Rg2 46. Kh3 Rg7 47. Kh4 Rg8 48. Rc5 Rg1 49. Kh3 Ra1 50. Ra5 Rc1 51. Kg3 c5 52. Kf4 c4 53. Ke3 Rd1 54. Rc5 Rd3+ 55. Ke4 Rxa3 56. Rxc4 Kb5 57. Rd4 Rb3 58.
Kd5 Rxb4 59. Rd1 Rb2 60. Rc1 Rd2+ 61. Ke4 a5 62. Ke3 Rd7 63. Rb1+ Kc4 64. Ke2 a4 65. Rd1 Re7+ 66. Kd2 Kb3 67. Kc1 Ka2 68. Rd2+ Ka1 69.
Kc2 a3 70. Kb3 Re3+ 71. Kb4 a2 72. Rh2 Kb1 73. Rh1+ Kb2 74. Rh2+ Kb1 75. Rh1+ Kc2 76. Rh2+ Kb1 1/2-1/2

[Event "Late-Titled-Tuesday-Blitz-February-13-2024"]
[Site "Chess.com"]
[Date "2024.02.13"]
[Round "9"]
[White "saikrishnaReturns"]
[Black "Durarbayli"]
[Result "0-1"]
[WhiteElo "2784"]
[BlackElo "2940"]
[TimeControl "180+1"]
[EndTime "15:46:25 PST"]
[Termination "Durarbayli won by resignation"]

1. Nf3 Nf6 2. g3 b6 3. Bg2 Bb7 4. O-O e6 5. d3 d5 6. Nbd2 Nbd7 7. Re1 Bc5 8. h3 O-O 9. e4 dxe4 10. dxe4 b5 11.
Qe2 a6 12. Kh2 e5 13. Nh4 Re8 14. Nf5 g6 15. Nh6+ Kg7 16. Nf1 Nf8 17. Rd1 Qc8 18. Ng4 Nxg4+ 19. hxg4 Ne6 20. g5 Nd4 21. Qd3 Qg4 22. c3 Qh5+ 23. Bh3 Nf3+ 24. Kg2 Rad8 25. Qxf3 Qxf3+ 26. Kxf3 Rxd1 27. Ke2 Red8 28. b4 Bb6 29.
Bg2 a5 30. bxa5 Bxa5 31. Bb2 Rxa1 32. Bxa1 b4 33. cxb4 Ba6+ 34. Kf3 Bxb4 35. Bxe5+ Kg8 36. Bxc7 Rd3+ 37. Ne3 Rd2 38. Bb6 Be2+ 39. Kf4 Rxa2 40. Nd5 Bd6+ 41. e5 Ba3 42. Be4 Bc1+ 43. Be3 Bxe3+ 44. Kxe3 Bc4 45. Nf6+ Kh8 46. f3 Ra3+ 47.
Kf4 Be2 48. g4 Kg7 49. Ne8+ Kh8 50. Nf6 Bb5 51. Bd5 Kg7 52. Ne4 Ra4 53. Kg3 Bc4 54.
Bc6 Ra6 55. Bb7 Ra3 56. Kf4 h6 57. gxh6+ Kxh6 58. g5+ Kg7 59. Nf6 Be6 60. Ne8+ Kf8 61. Nf6 Ra4+ 62. Kg3 Ra3 63. Kf4 Ke7 64. Ng8+ Kd8 65.
Nf6 Ra4+ 66. Be4 Kc7 67. Kg3 Kb6 68. Ne8 Kc5 69. Nd6 Kd4 70. Kf4 Ra1 71. Nb5+ Kc5 72.
Nd6 Rh1 73. Kg3 Rg1+ 74. Kf4 Ra1 75. Ne8 Kd4 76. Ng7 Bc4 77. e6 fxe6 78. Bxg6 e5+ 79.
Kg3 Bd5 80. Nf5+ Kc5 81. Ne3 Bc6 82. Be4 Bxe4 83. fxe4 Ra3 84. Kf3 Kd4 85. g6 Rxe3+ 86. Kg4 Rxe4+ 87. Kf5 Re1 88. g7 Rg1 89. Kf6 Rxg7 90.
Kxg7 e4 91. Kf6 e3 0-1

[Event "Late-Titled-Tuesday-Blitz-February-13-2024"]
[Site "Chess.com"]
[Date "2024.02.13"]
[Round "9"]
[White "kids2010"]
[Black "DuleMudule"]
[Result "1-0"]
[WhiteElo "2785"]
[BlackElo "2855"]
[TimeControl "180+1"]
[EndTime "15:46:26 PST"]
[Termination "kids2010 won on time"]

1. e4 c6 2. Nf3 d5 3. Nc3 dxe4 4. Nxe4 Nf6 5. Qe2 Nxe4 6. Qxe4 Nd7 7. Bc4 Nf6 8. Ne5 e6 9. Qe2 b5 10. Bb3 Qc7 11.
d4 Bd6 12. O-O O-O 13. Bf4 a5 14. c3 a4 15. Bc2 Nd5 16. Bg3 f5 17. a3 c5 18. dxc5 Qxc5 19. Nd3 Qc7 20. Bxd6 Qxd6 21. Qe5 Qxe5 22. Nxe5 Bb7 23. Rad1 Rfd8 24. Rd4 Kf8 25.
Rfd1 Ke7 26. Re1 Kf6 27. g3 g5 28. h4 g4 29. Nd3 Rac8 30. Re2 Rc4 31. Rxc4 bxc4 32.
Nc5 Bc8 33. Nxa4 Ne7 34. Nc5 e5 35. a4 Nc6 36. b4 cxb3 37. Bxb3 e4 38. Ra2 Na5 39. Bc2 Rd2 40. Nb3 Nxb3 41. Bxb3 Rd3 42. Bc4 Rxc3 43. Be2 Rc1+ 44. Kh2 Bb7 45. Rb2 Bd5 46.
Rb5 Ke6 47. Rb6+ Ke5 48. Rb5 Kd6 49. Rb6+ Kc5 50. Rb5+ Kc6 51. Rb8 Ra1 52. Rc8+ Kd6 53. Rd8+ Ke5 54. Re8+ Kd4 55. Rd8 Ra2 56. Bb5 Rxf2+ 57.
Kg1 Rc2 58. Bf1 Ke5 59. a5 e3 60. a6 e2 61. Re8+ Be6 62. Bxe2 Rxe2 63. a7 Ra2 64. a8=Q Rxa8 65. Rxa8 f4 66. Kf2 f3 67.
Ra5+ Kf6 68. Ke3 h6 69. Rc5 Bf5 70. Rc3 Be6 71. Rd3 Ke5 72. Rd2 Bc4 73. Rb2 Bd5 74.
Rb5 h5 75. Ra5 Ke6 76. Kd4 f2 77. Ra6+ Ke7 78. Ra7+ 1-0

[Event "Late-Titled-Tuesday-Blitz-February-13-2024"]
[Site "Chess.com"]
[Date "2024.02.13"]
[Round "9"]
[White "BeardedNM"]
[Black "Attacker_2006"]
[Result "1/2-1/2"]
[WhiteElo "2153"]
[BlackElo "2437"]
[TimeControl "180+1"]
[EndTime "15:46:33 PST"]
[Termination "Game drawn - insufficient material"]

1. e4 e5 2. Nf3 Nc6 3. Bc4 Nf6 4. d3 d6 5. c3 Be7 6. O-O O-O 7. Bb3 a6 8. Nbd2 b5 9. Re1 Bb7 10. Nf1 Na5 11. Bc2 c5 12. Ng3 Bc8 13. h3 Qc7 14.
d4 cxd4 15. cxd4 Bd7 16. b3 Rac8 17. Bd3 Nc6 18. Bb2 Rfd8 19. Rc1 Qb7 20. d5 Nb4 21. Bb1 a5 22. Nh4 Na6 23. Qf3 Nc5 24. Nhf5 Bxf5 25. Nxf5 g6 26. Nxe7+ Qxe7 27. Rc3 b4 28. Rc4 Kg7 29.
Bc1 Rc7 30. Qe3 Nfd7 31. Qh6+ Kg8 32. f4 exf4 33. Bxf4 Ne5 34. Rc2 Ncd3 35. Rxc7 Qxc7 36. Bxd3 Nxd3 37. Rf1 Nxf4 38. Qxf4 Re8 39. Re1 Qe7 40.
Re3 Qe5 41. Qxe5 Rxe5 42. Kf2 Kg7 43. g4 h5 44. Kg3 hxg4 45. hxg4 f5 46. gxf5 gxf5 47.
Kf4 fxe4 48. Rxe4 Rh5 49. Re7+ Kf6 50. Ra7 Rxd5 51. Ra6 Ke6 52. Ra8 Rd4+ 53. Ke3 Rd5 54. Re8+ Kd7 55. Ra8 Kc6 56. Rc8+ Kb7 57. Rh8 Kb6 58. Rb8+ Kc7 59. Rh8 Kc6 60. Rc8+ Kd7 61. Ra8 Rc5 62. Ra7+ Rc7 63. Rxa5 Rb7 64. Rh5 Kc6 65.
Kd4 Ra7 66. Rh6 Rxa2 67. Kc4 Ra7 68. Kxb4 Rb7+ 69. Kc4 Rb6 70. b4 Kc7 71. b5 Kb7 72. Rh7+ Kb8 73. Rd7 Kc8 74. Rh7 Rb7 75. Rh8+ Kc7 76.
Kb4 Kb6 77. Rh6 Rd7 78. Kc4 Kb7 79. Kd5 Kb6 80. Rxd6+ Rxd6+ 81. Kxd6 Kxb5 1/2-1/2